 Dungeon Crawl Stone Soup version 0.31.0-32-g396128a36d (webtiles) character file.

Game seed: 12846846262448355141

2860 Piranhandroid the Grave Robber (level 9, 0/63 (65) HPs)
             Began as a Demonspawn Brigand on Mar 29, 2024.
             Was an Elder of Uskayaw.
             Slain by a wight
             ... wielding a +0 halberd
              (1 damage)
             ... on level 7 of the Dungeon.
             The game lasted 00:11:02 (7479 turns).

Piranhandroid the Grave Robber (Demonspawn Brigand) Turns: 7479, Time: 00:11:03

HP:   0/63 (65)     AC: 11    Str: 11    XL:     9   Next: 47%
MP:   22/23         EV: 10    Int: 17    God:    Uskayaw [****..]
Gold: 229           SH:  0    Dex: 17    Spells: 9/12 levels left

rFire   . . .        G - +1 rapier of Fate {venom, +Blink rN+ Int+3 SInv}
rCold   + . .        (no shield)
rNeg    + . .        g - +0 ring mail
rPois   .            i - +1 hat
rElec   .            c - +0 cloak
rCorr   .            H - +0 pair of gloves
SInv    +            (no boots)
Will    .....        (no amulet)
Stlth   ++           M - ring of magical power
HPRegen 0.30/turn    C - ring of protection from cold
MPRegen 0.18/turn

%: no passive effects
@: weakened, fugue, lightly drained
A: icy blue scales 2, spiny 1
a: Renounce Religion, Evoke Blink, Stomp, Line Pass


You were on level 7 of the Dungeon.
You worshipped Uskayaw.
Uskayaw was noncommittal.
You visited 2 branches of the dungeon, and saw 8 of its levels.
You also visited: Sewer.

You collected 481 gold pieces.
You spent 252 gold pieces at shops.


Innate Abilities, Weirdness & Mutations

You are mostly covered in icy blue scales. (AC +3)
You are partially covered in sharp spines.


   Skills:
 + Level 4.1 Fighting
 + Level 6.1 Short Blades
 - Level 5.0 Throwing
 - Level 0.8 Dodging
 - Level 5.0 Stealth
 - Level 2.0 Spellcasting
 - Level 7.0 Necromancy
 + Level 7.0 Invocations


You had 9 spell levels left.
You knew the following spells:

 Your Spells              Type           Power      Damage    Failure   Level
f - Fugue of the Fallen   Necr           25%        N/A       8%          3

Your spell library contained the following spells:

 Spells                   Type           Power      Damage    Failure   Level
 Vampiric Draining        Necr           25%        2d7       8%          3
 Magic Dart               Conj           4%         1d3       43%         1
 Slow                     Hex            4%         N/A       43%         1
 Blink                    Tloc           2%         N/A       56%         2
 Call Imp                 Summ           2%         N/A       56%         2
 Ensorcelled Hibernation  Hex/Ice        2%         N/A       56%         2
 Lesser Beckoning         Tloc           2%         N/A       56%         2
 Momentum Strike          Conj/Tloc      2%         3d8       56%         2
 Anguish                  Hex/Necr       6%         N/A       73%         4
 Confusing Touch          Hex            1%         N/A       80%         3
 Sigil of Binding         Hex            1%         N/A       80%         3

Inventory:

Hand Weapons
 w - a +2 dagger of speed
 G - the +1 rapier of Fate (weapon) {venom, +Blink rN+ Int+3 SInv}
   (You bought it in a shop on level 2 of the Dungeon)

   Int+3:     It affects your intelligence (+3).
   rN+:       It protects you from negative energy.
   SInv:      It lets you see invisible.
   +Blink:    It lets you blink.
Missiles
 d - 14 poisoned darts
 e - 9 curare-tipped darts (quivered) {=f}
 r - 4 javelins
Armour
 b - a +0 robe
 c - a +0 cloak (worn)
 g - a +0 ring mail (worn)
 i - a +1 hat (worn)
 H - a +0 pair of gloves (worn)
Jewellery
 v - a ring of see invisible
 C - a ring of protection from cold (right hand)
 M - a ring of magical power (left hand)
Talismans
 A - a maw talisman
Wands
 l - a wand of flame (71)
 J - a wand of paralysis (8)
Scrolls
 a - 2 scrolls of fog {unknown}
 f - a scroll of torment
 j - 2 scrolls of brand weapon
 k - 6 scrolls of teleportation {@r2}
 m - 2 scrolls of revelation {unknown}
 n - a scroll of immolation {unknown}
 p - 2 scrolls of noise {unknown}
 u - a scroll of amnesia {unknown}
 x - 2 scrolls of vulnerability {unknown}
 y - a scroll of poison
 B - 3 scrolls of enchant armour {unknown}
 I - a scroll of blinking {unknown}
Potions
 h - a potion of might
 o - 3 potions of degeneration
 q - a potion of resistance
 s - a potion of enlightenment
 t - 2 potions of brilliance
 z - a potion of mutation
 D - 2 potions of heal wounds {@q2}
 E - a potion of berserk rage {!q}
 F - 4 potions of curing {@q1}

Dungeon Overview and Level Annotations

Branches:
Dungeon (7/15)             Temple (1/1) D:6           Sewer (visited)

Altars:
Dithmenos
Fedhas
Hepliaklqana
Makhleb
Nemelex Xobeh
Okawaru
Qazlal
Ru
Sif Muna
Trog
Uskayaw
Vehumet
Xom
Yredelemnul

Shops:
D:2 (

Annotations:
D:4 Grinder
Temple 2 transporters

.#...............
.........<.###..#
░.........# #..# ░........#
#... ░░░.#...#.####...
░░.░.............#
░░..░.....##.##....
░░..)'.#..###.##.###
░░░+░░░░.h@.░....##...<....
░.....░.z...░.##.##........
░..$..░....░░..............
+.$.[zz...░░░.####.#+##)...
░..?..░..░░ ░.# #.#).)..).
░.....░.░░ ░.. #..###....
░░░+░░░░░ ░.# #..###....
+.#.##......###
░........#.##


You could see a hound (pain bonded) and 3 wights.


Message History

The gnoll bouda barely misses you.
Uskayaw will force your foes to share their pain.
Uskayaw links your audience in an emotional bond!
You hit the gnoll bouda but do no damage.
The gnoll bouda looks as sick as possible!
The gnoll bouda is moderately wounded.
The wight hits you from afar with a +0 halberd!
* * * LOW HITPOINT WARNING * * *
The gnoll bouda is struck by your spines.
The gnoll bouda hits you but does no damage.
You closely miss the gnoll bouda.
The gnoll bouda is severely wounded.
You kill the gnoll bouda!
The wight hits you from afar with a +0 halberd.
* * * LOW HITPOINT WARNING * * *
Uskayaw links your audience in an emotional bond!
Unknown command.
You closely miss the hound.
The hound is severely wounded.
The hound barely misses you. The hound bites you but does no damage.
The wight hits you but does no damage.
Unknown command.
The hound bites you but does no damage. The wight attacks as it pursues you!
The wight hits you but does no damage. The hound attacks as it pursues you!
The hound closely misses you. The wight attacks as it pursues you!
The wight hits you from afar with a +0 halberd!
* * * LOW HITPOINT WARNING * * *
You partially resist.
You feel drained.
You die...

Skill      XL: |  1  2  3  4  5  6  7  8  9 |
---------------+----------------------------+-----
Spellcasting   | 2 |  2.0
Fighting       | 3 4 |  4.1
Short Blades   | 3 5 6 |  6.1
Necromancy     | 2 4 5 6 7 |  7.0
Throwing       | 2 3 5 |  5.0
Stealth        | 4 5 |  5.0
Invocations    | 5 7 |  7.0
Dodging        | |  0.8

Action                     |  1- 3 |  4- 6 |  7- 9 || total
---------------------------+-------+-------+-------++-------
  Melee: Dagger            |    85 |    50 |   120 ||   255
         Short sword       |       |    67 |       ||    67
         Punch             |       |     1 |     3 ||     4
         Rapier            |       |       |   150 ||   150
  Throw: Dart              |       |       |     9 ||     9
   Cast: Fugue of the Fall |       |       |    10 ||    10
    Use: Potion            |       |     4 |       ||     4
         Scroll            |       |       |     9 ||     9
   Stab: Sleeping          |     2 |     5 |     4 ||    11
         Paralysed         |       |       |    10 ||    10
 Armour: Ring mail         |    42 |    63 |   182 ||   287
         Robe              |     5 |       |       ||     5
  Dodge: Dodged            |    29 |    57 |   106 ||   192

Levels and vault maps discovered:
D:1:      tekkud_arrival_beachfront_property, layout_basic
D:2:      minmay_evil_eye, layout_basic, serial_shops,
          nicolae_shop_tiny_real_fake_doors, basic_altar, uniq_jessica,
          uniq_sigmund
D:3:      layout_basic, mainiacjoe_overflow_alcove_4, glass_columns_a,
          corexii_leaking_fountain
D:4:      cheibrodos_barr_body, layout_basic, mainiacjoe_overflow_alcove_1,
          chequers_serial_rivers_room_a, uniq_grinder
D:5:      layout_loops_ring, gup_sewer_entry_bowl, uniq_blork_the_orc
D:6:      layout_loops_ring, mainiacjoe_overflow_catwalk_spiral,
          minmay_temple_entry_slanted
D:7:      layout_basic, amcnicky_altar_gilded, minmay_quadrilaterals,
          uniq_menkaure, uniq_duvessa
Temple:   hellmonk_temple_divided_pantheon

Notes
Turn   | Place    | Note
-------+----------+-------------------------------------------
     0 | D:1      | Piranhandroid the Demonspawn Brigand began the quest for
                  | the Orb.
     0 | D:1      | Reached XP level 1. HP: 16/16 MP: 1/1
   563 | D:1      | Gained mutation: You are partially covered in sharp spines.
                  | [demonic ancestry]
   563 | D:1      | Reached XP level 2. HP: 23/23 MP: 2/2
  1192 | D:2      | Noticed Jessica
  1200 | D:2      | Reached skill level 1 in Spellcasting
  1209 | D:2      | HP: 1/23 [Jessica/nerve-wracking pain (11)]
  1210 | D:2      | Killed Jessica
  1211 | D:2      | Reached skill level 3 in Fighting
  1211 | D:2      | Reached skill level 2 in Spellcasting
  1211 | D:2      | Reached XP level 3. HP: 1/29 MP: 3/6
  1296 | D:2      | Reached skill level 2 in Short Blades
  1308 | D:2      | Learned a level 3 spell: Fugue of the Fallen
  1352 | D:2      | Noticed a phantom
  1371 | D:2      | Killed a phantom
  1372 | D:2      | Reached skill level 3 in Short Blades
  1372 | D:2      | Reached skill level 2 in Necromancy
  1372 | D:2      | Reached XP level 4. HP: 27/35 MP: 7/7
  1372 | D:2      | Reached XP level 5. HP: 31/41 MP: 8/8
  1412 | D:2      | Noticed Sigmund
  1414 | D:2      | Killed Sigmund
  1415 | D:2      | Reached skill level 4 in Necromancy
  1415 | D:2      | Gained mutation: You are partially covered in icy blue
                  | scales. (AC +2) [demonic ancestry]
  1415 | D:2      | Reached XP level 6. HP: 47/47 MP: 9/9
  1564 | D:2      | Found a hazy altar of Hepliaklqana.
  1901 | D:2      | Found Plog's Antique Weapon Shop.
  1951 | D:3      | Found an iron altar of Okawaru.
  2149 | D:3      | Reached skill level 5 in Necromancy
  2188 | D:3      | HP: 3/47 [orc priest/+0 short sword (2)]
  3024 | D:4      | Reached skill level 2 in Throwing
  3234 | D:4      | Noticed Grinder
  3453 | D:4      | Reached skill level 4 in Stealth
  3453 | D:4      | Gained mutation: You are mostly covered in icy blue scales.
                  | (AC +3) [demonic ancestry]
  3453 | D:4      | Reached XP level 7. HP: 29/52 MP: 10/10
  3737 | D:4      | Reached skill level 6 in Necromancy
  4157 | D:5      | Entered Level 5 of the Dungeon
  4194 | D:5      | Found a glowing drain.
  4199 | Sewer    | Entered a sewer
  4231 | Sewer    | Reached skill level 3 in Throwing
  4247 | Sewer    | Noticed Pargi
  4262 | Sewer    | Killed Pargi
  4294 | Sewer    | Identified a potion of resistance
  4486 | D:5      | Reached skill level 5 in Stealth
  4519 | D:5      | Reached XP level 8. HP: 50/58 MP: 11/11
  4632 | D:5      | Reached skill level 4 in Throwing
  4632 | D:5      | Reached skill level 7 in Necromancy
  4682 | D:5      | Noticed Blork the orc
  4706 | D:5      | Killed Blork the orc
  5033 | D:5      | Reached skill level 5 in Throwing
  5187 | D:2      | Bought a bloodstained rapier for 252 gold pieces
  5187 | D:2      | Identified the +1 rapier of Fate {venom, +Blink rN+ Int+3
                  | SInv} (You bought it in a shop on level 2 of the Dungeon)
  5352 | D:6      | Found a blossoming altar of Fedhas.
  5358 | D:6      | Found a shimmering blue altar of Sif Muna.
  5743 | D:6      | Found a staircase to the Ecumenical Temple.
  5765 | Temple   | Found a transporter.
  5765 | Temple   | Found a transporter.
  5765 | Temple   | Found a transporter.
  5765 | Temple   | Found a transporter.
  5765 | Temple   | Entered the Ecumenical Temple
  5785 | Temple   | Became a worshipper of Uskayaw the Reveller
  5863 | D:6      | Reached * piety under Uskayaw
  5912 | D:6      | Reached skill level 1 in Invocations
  6026 | D:6      | Reached ** piety under Uskayaw
  6027 | D:6      | Reached skill level 2 in Invocations
  6056 | D:6      | Reached skill level 4 in Short Blades
  6056 | D:6      | Reached skill level 3 in Invocations
  6059 | D:6      | Reached *** piety under Uskayaw
  6064 | D:6      | Reached **** piety under Uskayaw
  6073 | D:6      | Reached skill level 4 in Invocations
  6222 | D:6      | Reached ***** piety under Uskayaw
  6424 | D:6      | Reached skill level 5 in Short Blades
  6424 | D:6      | Reached skill level 5 in Invocations
  6426 | D:6      | Reached XP level 9. HP: 55/63 MP: 12/12
  6933 | D:7      | Reached skill level 6 in Invocations
  6998 | D:7      | Noticed Dowan
  7008 | D:7      | Noticed Duvessa
  7026 | D:7      | Killed Dowan
  7032 | D:7      | Killed Duvessa
  7153 | D:7      | Found a sparkling altar of Nemelex Xobeh.
  7352 | D:7      | Noticed Menkaure
  7361 | D:7      | Killed Menkaure
  7467 | D:7      | Reached skill level 4 in Fighting
  7467 | D:7      | Reached skill level 6 in Short Blades
  7472 | D:7      | Reached skill level 7 in Invocations
  7479 | D:7      | HP: 1/65 [wight/+0 halberd (11)]
  7479 | D:7      | Slain by a wight

Vanquished Creatures
  Sigmund (D:2)
  Menkaure (D:7)
  Duvessa (D:7)
  2 orc warriors
  Pargi (Sewer)
  A sky beast (D:6)
  An ice beast (D:5)
  An ogre (D:5)
  5 centaurs
  A phantom (D:2)
  A bullfrog (D:7)
  Blork the orc (D:5)
  A brain worm (Sewer)
  3 scorpions
  4 wights
  Dowan (D:7)
  2 bombardier beetles
  3 orc priests
  2 hounds
  3 gnoll boudas
  2 jellies (D:6)
  A sleepcap (D:6)
  Jessica (D:2)
  3 iguanas
  3 orc wizards
  8 gnolls
  A river rat (D:5)
  9 adders
  A shadow imp (D:5)
  2 dart slugs
  23 orcs
  5 endoplasms
  6 giant cockroaches
  3 goblins
  6 hobgoblins
  2 quokkas (D:4)
  9 ball pythons
  12 bats
  3 frilled lizards
  5 kobolds
  6 rats
147 creatures vanquished.

Table legend: (Time is in decaauts)
 A = Elapsed time spent in this place.
 B = Non-inter-level travel time spent in this place.
 C = Inter-level travel time spent in this place.
 D = Time resting spent in this place.
 E = Time spent auto-exploring this place.
 F = Levels seen in this place.
 G = Mean time per level.
                   A        B        C        D        E       F      G
               +--------+--------+--------+--------+--------+-----+--------+
         Total |   7395 |   6982 |    413 |    891 |   4977 |   9 |  821.7 |
       Dungeon |   7251 |   6846 |    405 |    878 |   4941 |   7 | 1035.9 |
        Temple |     35 |     27 |      8 |      0 |      0 |   1 |   35.0 |
         Sewer |    108 |    108 |      0 |     13 |     36 |   1 |  108.0 |
               +--------+--------+--------+--------+--------+-----+--------+

Top non-repeatable levels by time:
     D:4: 1250 daAuts
     D:5: 1118 daAuts
     D:1: 1087 daAuts
     D:3: 1051 daAuts
     D:6: 1021 daAuts
     D:2: 949 daAuts
     D:7: 773 daAuts
   Sewer: 108 daAuts
  Temple: 35 daAuts

Table legend:
 A = Non-vault XP
 B = Vault XP
 C = Vault XP percentage of total XP
 D = Non-vault monster count
 E = Vault monster count
 F = Vault count percentage of total count
                 A         B        C        D         E       F
            +---------+---------+-------+---------+---------+-------
      Total |    2610 |    1477 |  36.1 |     111 |      36 |  24.5
            +---------+---------+-------+---------+---------+-------
        D:1 |      18 |       0 |   0.0 |      14 |       0 |   0.0
        D:2 |     151 |     280 |  65.0 |      19 |       6 |  24.0
        D:3 |      98 |       0 |   0.0 |      15 |       0 |   0.0
        D:4 |     113 |     245 |  68.4 |      17 |      13 |  43.3
        D:5 |     631 |     108 |  14.6 |      11 |       4 |  26.7
        D:6 |    1010 |       0 |   0.0 |      19 |       0 |   0.0
        D:7 |     589 |     619 |  51.2 |      16 |       6 |  27.3
      Sewer |       0 |     225 | 100.0 |       0 |       7 | 100.0
            +---------+---------+-------+---------+---------+-------
